 Dungeon Crawl Stone Soup version 0.31-a0-187-gba352fbbf7 (webtiles) character file.

Game seed: 11602263918448067442

54 qw the Shooter (level 3, -3/20 HPs)
             Began as a Deep Elf Hunter on June 22, 2023.
             Slain by a worm (9 damage)
             ... on level 2 of the Dungeon.
             The game lasted 00:00:26 (925 turns).

qw the Shooter (Deep Elf Hunter)                     Turns: 925, Time: 00:00:26

Health: -3/20      AC:  3    Str: 10    XL:     3   Next: 66%
Magic:  5/5        EV: 12    Int: 13    God:
Gold:   44         SH:  0    Dex: 18    Spells: 2/2 levels left

rFire   . . .        Y - +1 shortbow
rCold   . . .        (shield currently unavailable)
rNeg    . . .        c - +0 leather armour
rPois   .            (no helmet)
rElec   .            (no cloak)
rCorr   .            (no gloves)
SInv    .            (no boots)
Will    .....        (no amulet)
Stlth   ++           (no ring)
HPRegen 0.23/turn    (no ring)
MPRegen 0.09/turn

%: no passive effects
@: no status effects
A: no striking features
a: no special abilities


You were on level 2 of the Dungeon.
You visited 1 branch of the dungeon, and saw 2 of its levels.

You collected 44 gold pieces.


   Skills:
 - Level 1.5 Fighting
 + Level 7.2 Ranged Weapons
 - Level 2.4 Dodging
 - Level 1.2 Stealth


You had 2 spell levels left.
You didn't know any spells.
Your spell library was empty.

Inventory:

Hand Weapons
 Y - a +1 shortbow (weapon)
Armour
 c - a +0 leather armour (worn)
Jewellery
 f - an amulet of reflection
Scrolls
 a - a scroll of identify
 b - a scroll of acquirement {unknown}
 e - 3 scrolls of vulnerability {unknown}
 g - a scroll of torment {unknown}
 i - a scroll of revelation {unknown}
Potions
 d - a potion of curing {unknown}
 h - a potion of attraction {unknown}

Dungeon Overview and Level Annotations

Branches:
Dungeon (2/15)

Altars:


Message History

Enter note: A ball python comes into view.
The ball python moves out of view.
Enter note: A ball python is nearby!
Enter note: You shoot an arrow.
The arrow hits the ball python.
The ball python is severely wounded.
You shoot an arrow. The arrow hits the ball python.
You kill the ball python!
i - a scroll labelled ZOJEONAIMA
Enter note: An endoplasm comes into view.
Enter note: You shoot an arrow.
The endoplasm quivers.
The arrow hits the endoplasm.
You kill the endoplasm!
You see here a +0 club.
A worm comes into view.
Found a scroll of immolation.
Enter note: You shoot an arrow.
The arrow completely misses the worm.
You shoot an arrow. The arrow hits the worm!
The worm is heavily wounded.
You shoot an arrow. The arrow barely misses the worm.
The worm bites you.
You shoot an arrow. The arrow barely misses the worm.
You shoot an arrow. The arrow hits the worm!
The worm is severely wounded.
The worm bites you!
You shoot an arrow. The arrow hits the worm.
The worm is almost dead.
The worm bites you.
You shoot an arrow. The arrow hits the worm.
The worm is almost dead.
You shoot an arrow. The arrow hits the worm.
The worm is almost dead.
The worm bites you!
You die...

.. ## ######.## #.
#.......# #.
#..#############.
#......#.....#... ####
###.##....###.#.#.
.....
#.......#...#)#.#.
#.?.#.#######.......#.
#..w@......####..####
##......##.# #......
####...# #...### #....
#...# ##.## #...#
....####..###
.#........).
######...## #...##


You could see a worm.

Vanquished Creatures
  A gnoll (D:1)
  4 ball pythons
  4 endoplasms
  3 giant cockroaches
  4 goblins
  3 hobgoblins
  6 jackals
  2 kobolds
  A quokka (D:1)
  3 bats (D:1)
  A frilled lizard (D:1)
  4 rats (D:1)
36 creatures vanquished.

Notes
Turn   | Place    | Note
-------+----------+-------------------------------------------
     0 | D:1      | qw the Deep Elf Hunter began the quest for the Orb.
     0 | D:1      | Reached XP level 1. HP: 12/12 MP: 3/3
     0 | D:1      | 0 ||| qw: Version: 0.3-a-9-g12657ce
     0 | D:1      | 0 ||| qw: Game counter: 2069
     0 | D:1      | 0 ||| qw: Always use a shield: true
     0 | D:1      | 0 ||| qw: God list: Okawaru
     0 | D:1      | 0 ||| qw: Allow faded altars: false
     0 | D:1      | 0 ||| qw: Do Orc after D:15 true
     0 | D:1      | 0 ||| qw: Do second Lair branch before Depths: true
     0 | D:1      | 0 ||| qw: Lair rune preference: random
     0 | D:1      | 0 ||| qw: Plans: Normal
     0 | D:1      | 0 ||| PLANNING D:1-11
   199 | D:1      | Reached skill level 6 in Ranged Weapons
   199 | D:1      | Reached XP level 2. HP: 16/16 MP: 4/4
   365 | D:1      | HP: 2/16 [gnoll/+0 whip (6)]
   367 | D:1      | Reached XP level 3. HP: 2/20 MP: 5/5
   682 | D:1      | 682 ||| READING scroll labelled TEXONU PONA.
   683 | D:1      | 683 ||| READING 2 scrolls labelled JEOSAQ POEXAG.
   684 | D:1      | 684 ||| READING scroll labelled ZITOEQY XAURE.
   685 | D:1      | 685 ||| DROPPING scroll of butterflies.
   686 | D:1      | 686 ||| DROPPING scroll of immolation.
   786 | D:2      | Found a faded altar of an unknown god.
   800 | D:2      | Reached skill level 7 in Ranged Weapons
   923 | D:2      | HP: 5/20 [worm (1)]
   925 | D:2      | Slain by a worm

Levels and vault maps discovered:
D:1:      minmay_arrival_five_plusses, layout_loops_ring
D:2:      layout_basic, ebering_ecumenical_altar_sacrificial

Skill      XL: |  1  2  3 |
---------------+----------+-----
Ranged Weapons | 6 7 |  7.2
Fighting       | |  1.5
Dodging        | |  2.4
Stealth        | |  1.2

Action                     || total
---------------------------++-------
   Fire: Shortbow          ||   106
    Use: Scroll            ||     3
 Armour: Leather armour    ||     4
  Dodge: Dodged            ||    23

Table legend:
 A = Non-vault XP
 B = Vault XP
 C = Vault XP percentage of total XP
 D = Non-vault monster count
 E = Vault monster count
 F = Vault count percentage of total count
                 A         B        C        D         E       F
            +---------+---------+-------+---------+---------+-------
      Total |      78 |       0 |   0.0 |      36 |       0 |   0.0
            +---------+---------+-------+---------+---------+-------
        D:1 |      56 |       0 |   0.0 |      25 |       0 |   0.0
        D:2 |      22 |       0 |   0.0 |      11 |       0 |   0.0
            +---------+---------+-------+---------+---------+-------
